AoeStats
← spadaccinho91

Arena

510198851Analyzed
1v1 RM · 2d ago on Sep 29, 2026· 56m 0s· 2 players
Game mode
Random Map
Map size
Tiny (2 player)
Population
200
Speed
Normal
Resources
Standard
Victory
Conquest
Starting age
Dark Age
Ending age
Imperial Age
RankedLock teamsTeams togetherTeam positionsShared explorationLock speedFull tech treeHidden civsTurbo modeCheats
Victory
Defeat
🇦🇷 Bohemians · Argentina
1019
+17
🇮🇹 Koreans · Italy
1041
-17
AndyCharuto
9:41 Feudal Age
13:44 Castle Age
13:36 Double-Bit Axe
15:01 Bow Saw
21:13 Horse Collar
22:25 Fervor
26:17 Redemption
27:52 Loom
30:41 Imperial Age
29:48 Loom
31:55 Chemistry
30:53 Town Watch
31:49 Conscription
33:29 Theocracy
33:15 Block Printing
33:26 Conscription
35:25 Heavy Plow
37:18 Siege Engineers
38:35 Masonry
39:10 Illumination
39:59 Wheelbarrow
40:35 Sanctity
41:45 Padded Archer Armor
42:09 Ballistics
43:22 Hand Cart
42:52 Town Watch
43:36 Forging
43:27 Scale Mail Armor
47:11 Elite Skirmisher
47:47 Fletching
48:12 Leather Archer Armor
48:12 Chain Mail Armor
48:33 Iron Casting
47:54 Elite Hussite Wagon
spadaccinho91
10:39 Feudal Age
11:35 Double-Bit Axe
16:38 Castle Age
18:28 Stone Mining
19:41 Bow Saw
21:05 Loom
21:31 Fletching
26:37 Gold Mining
28:57 Bodkin Arrow
31:57 Imperial Age
31:15 Eupseong
34:27 Thumb Ring
35:25 Chemistry
36:01 Conscription
36:22 Arrowslits
40:22 Bodkin Arrow
42:16 Wheelbarrow
41:24 Horse Collar
43:17 Two-Man Saw
42:04 Town Watch
44:26 Hand Cart
44:32 Guilds
43:48 Heavy Cavalry Archer
45:37 Bracer
46:15 Masonry
47:55 Shinkichon
48:22 Architecture
49:48 Siege Engineers
51:19 Hand Cart
Connection lost

Rejoining the realm…

Still unreachable

The connection could not be restored.

Session expired

The server has moved on; the page needs a fresh start.